 Dungeon Crawl Stone Soup version 0.18-a0-1575-g920359c (webtiles) character file.

25475 Kidiri the Thaumaturge (level 12, -12/69 HPs)
             Began as a Deep Elf Fire Elementalist on Mar 16, 2016.
             Was a High Priest of Vehumet.
             Mangled by an eight-headed hydra (18 damage)
             ... on level 3 of the Lair of Beasts.
             The game lasted 01:44:48 (21368 turns).

Kidiri the Thaumaturge (DEFE)                      Turns: 21368, Time: 01:44:48

Health: -12/69     AC:  5    Str: 13    XL:     12   Next: 89%
Magic:  16/30      EV: 18    Int: 31    God:    Vehumet [*****.]
Gold:   331        SH:  4    Dex: 14    Spells: 10 memorised, 0 levels left

rFire  + . .     SeeInvis .     w - +1 rapier "Sifaehacw" {freeze, rPois rC+ Dex-3}
rCold  . . .     Gourm    .     x - +0 robe of the Heavens {+Fly Str+8 Stlth+}
rNeg   . . .     Faith    .     (no shield)
rPois  +         Spirit   .     B - +2 hat {Int+3}
rElec  .         Dismiss  .     d - +0 cloak
rCorr  .         Reflect  +     (no gloves)
SustAt .         Harm     .     (no boots)
MR     +....                    l - +4 amulet of reflection
Stlth  +++.......               m - +2 ring of intelligence
                                N - ring of fire

@: somewhat resistant to hostile enchantments, fairly stealthy
A: agile 1, evolution 1
a: Renounce Religion, Evoke Flight


You were on level 3 of the Lair of Beasts.
You worshipped Vehumet.
Vehumet was extremely pleased with you.
You were hungry.

You visited 3 branches of the dungeon, and saw 15 of its levels.

You collected 850 gold pieces.
You spent 519 gold pieces at shops.

Inventory:

Hand Weapons
 w - the +1 rapier "Sifaehacw" (weapon) {freeze, rPois rC+ Dex-3}
   (You found it on level 6 of the Dungeon)

   It has been specially enchanted to freeze those struck by it, causing extra
   injury to most foes and up to half again as much damage against particularly
   susceptible opponents.
   It can also slow down cold-blooded creatures.
   It affects your dexterity (-3).
   It protects you from cold.
   It protects you from poison.
Armour
 d - a +0 cloak (worn)
 i - a +0 buckler
 x - the +0 robe of the Heavens (worn) {+Fly Str+8 Stlth+}
   (You found it on level 5 of the Dungeon)

   It affects your strength (+8).
   It lets you fly.
   It makes you more stealthy.
 B - a +2 hat of intelligence (worn)
Jewellery
 h - an uncursed amulet of magic regeneration
 l - a +4 amulet of reflection (around neck)
 m - a +2 ring of intelligence (right hand)
 s - the ring "Xony" {rN+ Str+3}
   (You took it off a crimson imp on level 7 of the Dungeon)

   [ring of strength]

   It affects your strength (+3).
   It protects you from negative energy.
 N - a ring of fire (left hand)
Wands
 a - a wand of polymorph (11/24)
 C - a wand of digging (4/24)
 K - a wand of digging (14/24)
Scrolls
 e - 7 scrolls of teleportation
 p - a scroll of noise
 r - a scroll of immolation
 t - 9 scrolls of remove curse
 A - 3 scrolls of magic mapping
 M - 3 scrolls of enchant weapon
Potions
 f - 2 potions of cure mutation
 g - 2 potions of agility
 j - a potion of haste
 n - 9 potions of curing
 o - 3 potions of resistance
 u - 2 potions of brilliance
 v - 5 potions of lignification
 F - 6 potions of might
Books
 b - a book of Flames

   Spells                             Type                      Level
   a - Flame Tongue                   Conjuration/Fire             1
   b - Throw Flame                    Conjuration/Fire             2
   c - Conjure Flame                  Conjuration/Fire             3
   d - Inner Flame                    Hexes/Fire                   3
   e - Sticky Flame                   Conjuration/Fire             4
   f - Fireball                       Conjuration/Fire             5
 k - the Grimoire of Feathers
   (You found it on level 2 of the Lair of Beasts)

   Spells                             Type                      Level
   a - Shock                          Conjuration/Air              1
   b - Deflect Missiles               Charms/Air                   6
   c - Poisonous Cloud                Conjuration/Poison/Air       6
 q - a book of Clouds

   Spells                             Type                      Level
   a - Mephitic Cloud                 Conjuration/Poison/Air       3
   b - Conjure Flame                  Conjuration/Fire             3
   c - Poisonous Cloud                Conjuration/Poison/Air       6
   d - Freezing Cloud                 Conjuration/Ice/Air          6
   e - Ring of Flames                 Charms/Fire                  7
Comestibles
 c - 10 bread rations
 z - 5 meat rations
 D - 5 chunks of flesh
 E - a beef jerky
 O - 4 fruits


   Skills:
 + Level 5.7 Fighting
 + Level 2.7 Armour
 * Level 9.6 Dodging
 - Level 2.4 Stealth
 + Level 2.7 Shields
 * Level 12.8 Spellcasting
 + Level 7.6 Conjurations
 + Level 8.9 Hexes
 + Level 3.4 Transmutations
 + Level 8.4 Fire Magic
 + Level 5.0 Ice Magic
 + Level 6.3 Air Magic
 + Level 6.6 Poison Magic


You couldn't memorise any spells.
You knew the following spells:

 Your Spells              Type           Power        Failure   Level  Hunger
a - Flame Tongue          Conj/Fire      #####        1%          1    None
b - Throw Flame           Conj/Fire      ######       1%          2    None
c - Conjure Flame         Conj/Fire      #######.     1%          3    None
d - Inner Flame           Hex/Fire       #######.     1%          3    None
e - Sticky Flame          Conj/Fire      #######.     1%          4    None
f - Fireball              Conj/Fire      #######...   1%          5    #......
g - Mephitic Cloud        Conj/Pois/Air  ######..     1%          3    None
h - Poisonous Cloud       Conj/Pois/Air  ######....   7%          6    ####...
i - Freezing Cloud        Conj/Ice/Air   ####......   8%          6    ####...
j - Ignite Poison         Fire/Trmt/Pois ######..     1%          3    None


Dungeon Overview and Level Annotations

Branches:
Dungeon (11/15)            Temple (1/1) D:4            Lair (3/8) D:10
  Swamp (0/4) Lair:3
  Snake: Lair:3-6    Spider: Lair:3-6       Orc: D:9-12

Altars:
Ashenzari
Cheibriados
Dithmenos
Elyvilon
Fedhas
Gozag
Kikubaaqudgha
Makhleb
Nemelex Xobeh
Okawaru
Pakellas
Qazlal
Ru
Sif Muna
Trog
Vehumet
Xom
Yredelemnul
Zin
The Shining One

Shops:
D:6 !   D:7 [!   D:11 ((!!

Annotations:
D:4 Hilldric's ghost, novice DsGl


Innate Abilities, Weirdness & Mutations

You are agile. (Dex +2)
You evolve.


Message History

The eight-headed hydra bites you but does no damage.
The eight-headed hydra bites you! x2
You block the eight-headed hydra's attack.
The eight-headed hydra barely misses you.
Unknown command.
Casting: Sticky Flame
Confirm with . or Enter, or press ? or * to list all spells.
You feel a surge of power!
You ignite the poison in your surroundings!
The eight-headed hydra burns!
The eight-headed hydra is engulfed in roaring flames.
You block the eight-headed hydra's attack.
The eight-headed hydra misses you. The eight-headed hydra bites you.
The eight-headed hydra closely misses you.
The eight-headed hydra bites you!
* * * LOW HITPOINT WARNING * * *
The eight-headed hydra bites you.
* * * LOW HITPOINT WARNING * * *
The eight-headed hydra bites you!!
You die...

#..........# ..#
#.........(# #.###
#...'.###### .#.###
##.#.P# >....###
#....###### ..#...§##
#....P##P.# #..%..§§§
#>........######....§§§§
#.........#.##§§§..§.§§.
#.........§.§§§D@%...§§§
#........#####§#..§§....
#.......?P# #(######..#
#####.##### ### # ###


You could see an eight-headed hydra (burning).

Vanquished Creatures
  Gastronok (D:8)
  Maud (Lair:3)
  2 hydras
  A tengu warrior (D:11)
  A queen ant (Lair:2)
  2 hill giants
  A wizard (D:11)
  17 elephants (Lair:2)
  An ugly thing (D:11)
  A black mamba (D:10)
  5 spiny frogs
  A rime drake (Lair:2)
  A troll (D:10)
  A two-headed ogre (D:9)
  5 blink frogs (Lair:2)
  A wraith (D:10)
  A wyvern (D:9)
  Sigmund (D:6)
  3 hungry ghosts
  4 yaks (D:10)
  A basilisk (D:10)
  4 hippogriffs
  12 soldier ants (Lair:2)
  3 wargs (D:10)
  4 water moccasins
  2 porcupines (Lair:1)
  An orc warrior (D:10)
  3 ice beasts
  2 black bears
  4 phantoms
  4 ogres
  6 centaurs
  6 crocodiles
  4 giant frogs
  2 gnoll sergeants
  A scorpion (D:11)
  A water moccasin skeleton (D:6)
  A killer bee (D:7)
  A giant frog zombie (D:8)
  4 crimson imps
  2 howler monkeys
  4 hounds
  3 jellies
  7 orc priests
  A centaur skeleton (D:9)
  A giant frog skeleton (D:6)
  6 iguanas
  4 orc wizards
  43 worker ants
  3 worker ant zombies
  3 howler monkey skeletons
  A howler monkey zombie (D:7)
  16 gnolls
  8 adders
  20 river rats (Lair:1)
  A shadow imp (D:10)
  3 oozes
  3 adder skeletons
  An adder zombie (D:9)
  2 worms (D:2)
  A dart slug (D:1)
  7 giant geckos
  31 orcs
  A ball python (D:1)
  7 bats
  5 giant cockroaches
  5 goblins
  5 hobgoblins (D:2)
  22 jackals
  6 quokkas
  5 giant newts
  10 kobolds
  A quokka zombie (D:7)
  13 rats
  2 fungi (D:5)
  A plant (Lair:2)
371 creatures vanquished.

Vanquished Creatures (others)
  A wizard (D:6)
  A crocodile (D:4)
  A goblin (D:4)
  16 fungi (Lair:2)
  2 plants
21 creatures vanquished.

Grand Total: 392 creatures vanquished

Notes
Turn   | Place    | Note
--------------------------------------------------------------
     0 | D:1      | Kidiri the Deep Elf Fire Elementalist began the quest for the Orb.
     0 | D:1      | Reached XP level 1. HP: 10/10 MP: 6/6
   313 | D:1      | Reached XP level 2. HP: 15/15 MP: 5/8
   320 | D:1      | Learned a level 2 spell: Throw Flame
  1057 | D:2      | Reached XP level 3. HP: 19/19 MP: 8/10
  1062 | D:2      | Learned a level 3 spell: Conjure Flame
  1066 | D:2      | Learned a level 3 spell: Inner Flame
  1219 | D:2      | Found a shadowy altar of Dithmenos.
  1891 | D:2      | Reached skill level 4 in Spellcasting
  2280 | D:3      | Reached XP level 4. HP: 24/24 MP: 3/12
  2756 | D:3      | Reached skill level 1 in Hexes
  2962 | D:4      | Reached skill level 1 in Fighting
  2969 | D:4      | Noticed an ogre
  3153 | D:4      | Reached XP level 5. HP: 22/29 MP: 9/14
  3162 | D:4      | Learned a level 4 spell: Sticky Flame
  3253 | D:4      | Found a sacrificial altar of Ru.
  3263 | D:4      | Noticed an ogre
  3744 | D:4      | Found a staircase to the Ecumenical Temple.
  3777 | Temple   | Entered the Ecumenical Temple
  3851 | Temple   | Became a worshipper of Vehumet
  3968 | D:4      | Noticed Hilldric's ghost (novice DsGl)
  4235 | D:4      | Killed an ogre
  4235 | D:4      | Reached skill level 5 in Spellcasting
  4235 | D:4      | Reached XP level 6. HP: 19/34 MP: 0/15
  4256 | D:4      | Found an oddly glowing altar of Pakellas.
  4258 | D:4      | Noticed an orange crystal statue
  5469 | D:5      | Entered Level 5 of the Dungeon
  5502 | D:4      | Learned a level 3 spell: Mephitic Cloud
  5778 | D:5      | Got a shadowed robe
  5789 | D:5      | Identified the +0 robe of the Heavens {+Fly Str+8 Stlth+} (You found it on level 5 of the Dungeon)
  5819 | D:5      | Found a blossoming altar of Fedhas.
  5994 | D:4      | Found a white marble altar of Elyvilon.
  6622 | D:5      | Reached skill level 6 in Spellcasting
  6622 | D:5      | Reached skill level 1 in Air Magic
  6622 | D:5      | Reached XP level 7. HP: 21/40 MP: 12/18
  7233 | D:5      | Found a sacrificial altar of Ru.
  7895 | D:6      | Found a glowing golden altar of the Shining One.
  7920 | D:6      | Reached skill level 1 in Poison Magic
  8151 | D:6      | Found Munlicojeck's Distillery.
  8163 | D:6      | Bought a potion of heal wounds for 55 gold pieces
  8163 | D:6      | Bought a potion of curing for 33 gold pieces
  8163 | D:6      | Bought a potion of curing for 33 gold pieces
  8163 | D:6      | Bought a potion of heal wounds for 55 gold pieces
  8246 | D:6      | Noticed Sigmund
  8342 | D:6      | Reached XP level 8. HP: 32/45 MP: 9/20
  8649 | D:6      | Found a bloodstained altar of Trog.
  8650 | D:6      | Noticed a wizard
  8655 | D:6      | Killed a wizard
  8709 | D:6      | Killed Sigmund
  8709 | D:6      | Reached skill level 5 in Dodging
  8709 | D:6      | Reached skill level 7 in Spellcasting
  8709 | D:6      | Reached skill level 5 in Fire Magic
  8717 | D:6      | Learned a level 5 spell: Fireball
  8816 | D:6      | Found a basalt altar of Yredelemnul.
  8881 | D:6      | Got a twisted rapier
  8882 | D:6      | Identified the +1 rapier "Sifaehacw" {freeze, rPois rC+ Dex-3} (You found it on level 6 of the Dungeon)
  9334 | D:7      | Found Dimm's Distillery.
  9352 | D:7      | Bought 2 potions of curing for 90 gold pieces
  9352 | D:7      | Bought a potion of curing for 45 gold pieces
  9382 | D:7      | Reached * piety under Vehumet
  9382 | D:7      | Offered knowledge of Sandblast by Vehumet.
  9723 | D:7      | Got a clouded copper ring
  9725 | D:7      | Identified the ring "Xony" {rN+ Str+3} (You took it off a crimson imp on level 7 of the Dungeon)
  9853 | D:7      | Found Foirut's Armour Shoppe.
 10242 | D:7      | Found Buiro Ruc's Book Boutique.
 10357 | D:7      | Reached skill level 5 in Hexes
 10534 | D:5      | Reached skill level 8 in Spellcasting
 11020 | D:8      | Reached XP level 9. HP: 51/51 MP: 17/23
 11458 | D:8      | Noticed Gastronok
 11477 | D:8      | Killed Gastronok
 11477 | D:8      | Reached skill level 9 in Spellcasting
 11477 | D:8      | Reached skill level 5 in Conjurations
 11573 | D:8      | Learned a level 6 spell: Poisonous Cloud
 11694 | D:8      | Found an iron altar of Okawaru.
 12383 | D:9      | Reached XP level 10. HP: 56/56 MP: 16/25
 12741 | D:9      | Offered knowledge of Freeze by Vehumet.
 12744 | D:9      | Learned a level 1 spell: Freeze
 12819 | D:9      | Reached ** piety under Vehumet
 13446 | D:10     | Entered Level 10 of the Dungeon
 13524 | D:10     | Reached skill level 1 in Ice Magic
 13554 | D:10     | Reached skill level 10 in Spellcasting
 13748 | D:10     | Offered knowledge of Stone Arrow by Vehumet.
 13782 | D:10     | Noticed a black mamba
 14131 | D:10     | Noticed a hill giant
 14153 | D:10     | Killed a hill giant
 14188 | D:10     | Reached skill level 5 in Poison Magic
 14277 | D:10     | Reached *** piety under Vehumet
 14530 | D:10     | Killed a black mamba
 14877 | D:10     | Reached skill level 5 in Air Magic
 15033 | D:10     | Found a staircase to the Lair.
 15451 | D:11     | Noticed a hill giant
 15466 | D:11     | Killed a hill giant
 15466 | D:11     | Reached XP level 11. HP: 62/62 MP: 14/27
 15649 | D:11     | Found Liwifoos's Antique Weapon Shop.
 15673 | D:11     | Found Iryopt's Distillery.
 15678 | D:11     | Bought a potion of heal wounds for 80 gold pieces
 15678 | D:11     | Bought a potion of curing for 48 gold pieces
 15678 | D:11     | Bought a potion of heal wounds for 80 gold pieces
 15977 | D:11     | Noticed a wizard
 15994 | D:11     | Killed a wizard
 16081 | D:11     | Found Becotsa's Distillery.
 16182 | D:11     | Found Vatwadosch's Weapon Boutique.
 16263 | D:11     | Noticed a tengu warrior
 16269 | D:11     | Killed a tengu warrior
 16269 | D:11     | Offered knowledge of Ignite Poison by Vehumet.
 16520 | D:11     | Found a bloodstained altar of Trog.
 16553 | D:11     | Noticed a brown ugly thing
 16562 | D:11     | Killed a brown ugly thing
 16586 | D:11     | Gained mutation: You are agile. (Dex +2) [mutagenic meat]
 16587 | D:11     | Gained mutation: You evolve. [mutagenic meat]
 16806 | D:11     | Learned a level 3 spell: Ignite Poison
 16887 | Lair:1   | Entered Level 1 of the Lair of Beasts
 16891 | Lair:1   | Reached skill level 1 in Shields
 16901 | Lair:1   | Reached skill level 11 in Spellcasting
 16910 | Lair:1   | Reached skill level 1 in Armour
 17224 | Lair:1   | Reached **** piety under Vehumet
 18235 | Lair:2   | Offered knowledge of Bolt of Magma by Vehumet.
 18328 | Lair:2   | Reached skill level 1 in Transmutations
 18356 | Lair:2   | Reached skill level 5 in Fighting
 18668 | Lair:2   | Reached XP level 12. HP: 68/68 MP: 25/29
 18690 | Lair:2   | Reached skill level 12 in Spellcasting
 19623 | Lair:2   | Noticed a queen ant
 19631 | Lair:2   | Killed a queen ant
 19911 | Lair:2   | Reached ***** piety under Vehumet
 20201 | Lair:2   | Offered knowledge of Iron Shot by Vehumet.
 20336 | Lair:2   | Noticed a five-headed hydra
 20348 | Lair:2   | Killed a five-headed hydra
 20550 | Lair:2   | Learned a level 6 spell: Freezing Cloud
 20843 | Lair:2   | Identified the Grimoire of Feathers
 21181 | Lair:3   | Noticed a five-headed hydra
 21181 | Lair:3   | Noticed Maud
 21192 | Lair:3   | Killed a five-headed hydra
 21200 | Lair:3   | Killed Maud
 21200 | Lair:3   | Reached skill level 5 in Ice Magic
 21221 | Lair:3   | Found a staircase to the Swamp.
 21359 | Lair:3   | Noticed an eight-headed hydra
 21368 | Lair:3   | Mangled by an eight-headed hydra

Vault maps used:
D:1:      dpeg_arrival_chambers_temple_mockup, serial_bayou,
          serial_bayou_ford_a, serial_bayou_pond_b, serial_bayou_shore_b,
          serial_bayou_pond_d
D:2:      grunt_dithmenos_smoke_and_mirrors
D:4:      gammafunk_pakellas_statue_experiment, nicolae_overflow_hidden_temple,
          lemuel_doored_altar, temple_doors_e
D:5:      lemuel_crystal_altar, first_bread, minmay_misc_feat_secret_circle,
          nicolae_ru_the_path_less_chosen
D:6:      lemuel_crystal_altar, kennysheep_mini, serial_shops,
          nicolae_shop_statue_plus, eino_small_chamber_without_monster,
          hangedman_decor_clover_reticule, minivault_27, trog_wizard,
          uniq_sigmund
D:7:      serial_shops, kennysheep_little_box, shop, shop
D:8:      okawaru_ov_weapons_minmay, uniq_gastronok
D:9:      hangedman_decor_slide_cut
D:10:     erik_lair_orcish_takeover
D:11:     basic_altar, serial_shops, shop, nicolae_shop_stone, shop, shop,
          grunt_tengu_nest, minmay_misc_feat_room, st_stairs_13
Temple:   chambers_temple_12
Lair:1:   serial_bayou_shore_b, grunt_megastairs_2, lemuel_fruit_fields
Lair:2:   mu_elephants_graveyard, zaba_anthell
Lair:3:   minmay_swamp_entry_reptiles, minivault_26, grunt_forest_stairs_basic,
          grunt_megastairs_3, uniq_harold, uniq_maud

Skill      XL: |  1  2  3  4  5  6  7  8  9 10 11 12 |
---------------+-------------------------------------+-----
Spellcasting   | 4 5 6 8 9 10 11 12 | 12.8
Conjurations   | 2 3 4 5 6 7 |  7.6
Dodging        | 3 4 5 6 7 8 9 |  9.6
Hexes          | 1 2 3 4 5 6 7 8 |  8.9
Fighting       | 1 2 3 4 5 |  5.7
Fire Magic     | 4 5 6 7 8 |  8.4
Air Magic      | 1 2 4 5 6 |  6.3
Poison Magic   | 1 2 4 5 6 |  6.6
Ice Magic      | 2 4 5 |  5.0
Shields        | 1 2 |  2.7
Armour         | 1 2 |  2.7
Transmutations | 2 3 |  3.4
Stealth        | |  2.4

Action                   |  1- 3 |  4- 6 |  7- 9 | 10-12 || total
-------------------------+-------+-------+-------+-------++-------
Melee: Unarmed           |     1 |       |       |       ||     1
       Dagger            |    17 |   165 |   118 |       ||   300
       Rapier            |       |       |   183 |   143 ||   326
 Cast: Flame Tongue      |    56 |    92 |    89 |   314 ||   551
       Throw Flame       |    17 |    32 |    43 |    90 ||   182
       Conjure Flame     |       |     6 |     8 |    15 ||    29
       Inner Flame       |       |     4 |     7 |     5 ||    16
       Sticky Flame      |       |     6 |    17 |    61 ||    84
       Fireball          |       |       |     1 |    11 ||    12
       Poisonous Cloud   |       |       |       |    20 ||    20
       Ignite Poison     |       |       |       |    17 ||    17
       Mephitic Cloud    |       |       |       |     2 ||     2
       Freezing Cloud    |       |       |       |     1 ||     1
 Abil: Evoke Flight      |       |       |     1 |       ||     1
  Use: Potion            |       |     6 |     3 |     7 ||    16
       Scroll            |       |     7 |     9 |     9 ||    25
 Stab: Sleeping          |     5 |     5 |     4 |     5 ||    19
  Eat: Chunk             |     4 |     4 |     8 |    22 ||    38
       Fruit             |       |     7 |       |    12 ||    19
       Beef jerky        |       |     1 |     2 |       ||     3
       Bread ration      |       |     1 |     2 |       ||     3
       Royal jelly       |       |       |       |     1 ||     1
